 Dungeon Crawl Stone Soup version 0.30-a0-918-g0ff054e9dc (webtiles) character file.

Game seed: 6404068420561740153

640 lessens the Cudgeller (level 7, -3/70 HPs)
             Began as an Ogre Berserker on Mar 20, 2023.
             Was a Believer of Trog.
             Killed from afar by an orc wizard (5 damage)
             ... with a puff of flame
             ... on level 4 of the Dungeon.
             The game lasted 00:03:51 (3905 turns).

lessens the Cudgeller (Ogre Berserker)              Turns: 3905, Time: 00:03:52

Health: -3/70      AC:  3    Str: 24    XL:     7   Next: 51%
Magic:  7/7        EV: 15    Int:  8    God:    Trog [**....]
Gold:   183        SH:  0    Dex:  8    Spells: 6/6 levels left

rFire   + . .      SeeInvis .    w - +0 morningstar
rCold   . . .      Faith    .    (no shield)
rNeg    . . .      Spirit   .    b - +0 animal skin
rPois   .          Reflect  .    (helmet restricted)
rElec   .          Rampage  .    (no cloak)
rCorr   .                        (gloves unavailable)
Will    .....                    (boots unavailable)
Stlth   +                        (no amulet)
HPRegen 0.31/turn                g - +5 ring of evasion
MPRegen 0.10/turn                t - ring of protection from fire

@: on berserk cooldown, flying, slowed, very slow
A: large, unfitting armour, tough skin 1
a: Renounce Religion, Berserk, Trog's Hand


You were on level 4 of the Dungeon.
You worshipped Trog.
Trog was pleased with you.
You visited 1 branch of the dungeon, and saw 4 of its levels.

You collected 183 gold pieces.

Inventory:

Hand Weapons
 a - a +0 mace
 i - a +0 flail
 w - a +0 morningstar (weapon)
Missiles
 k - 18 stones
 m - 7 poisoned darts (quivered)
Armour
 b - a +0 animal skin (worn)
Jewellery
 g - a +5 ring of evasion (left hand)
 t - a ring of protection from fire (right hand)
Wands
 s - a wand of flame (19)
Scrolls
 c - 2 scrolls of enchant armour {unknown}
 d - 2 scrolls of fear {unknown}
 e - a scroll of fog {unknown}
 f - 7 scrolls of teleportation {unknown}
 h - 2 scrolls of vulnerability {unknown}
 j - 3 scrolls of identify {unknown}
 l - 2 scrolls of poison {unknown}
 q - a scroll of enchant weapon {unknown}
Potions
 n - a potion of degeneration {unknown}
 o - a potion of brilliance {unknown}
 p - a potion of flight
 r - a potion of curing
 u - a potion of might {unknown}
 v - a potion of mutation {unknown}


   Skills:
 - Level 4.0 Fighting
 + Level 7.8 Maces & Flails
 - Level 2.6 Dodging


You had 6 spell levels left.
You didn't know any spells.
Your spell library was empty.

Dungeon Overview and Level Annotations

Branches:
Dungeon (4/15) Zot: 20037
 Temple: D:4-7

Altars:
Makhleb


Innate Abilities, Weirdness & Mutations

You are too large for most types of armour.
You have tough skin. (AC +1)


Message History

You are exhausted.
You feel yourself slow down.
You hear some strange, mumbled words.
Something tries to affect you, but you resist.
Things that are here:
a +0 flail; an orc corpse You're too confused to move!
Something barely misses you.
You bump into the rock wall.
Something hits you.
* * * LOW HITPOINT WARNING * * *
You feel less confused. Something hits you but does no damage.
Something hits you.
* * * LOW HITPOINT WARNING * * *
It was a potion of flight.
You feel very buoyant.
You fly up into the air.
Something hits you.
* * * LOW HITPOINT WARNING * * *
It was a potion of curing.
You feel better. Something hits you but does no damage. Something hits you.
* * * LOW HITPOINT WARNING * * *
Okay, then.
Unknown command.
Something hits you.
* * * LOW HITPOINT WARNING * * *
Things that are here:
a +0 flail; an orc corpse Something hits you.
* * * LOW HITPOINT WARNING * * *
You miss something. Something hits you.
* * * LOW HITPOINT WARNING * * *
You closely miss something. Something hits you.
* * * LOW HITPOINT WARNING * * *
You hear some strange, mumbled words.
A magic dart appears from out of thin air!
The magic dart hits you.
* * * LOW HITPOINT WARNING * * *
You closely miss something.
You hear some strange, mumbled words.
A puff of flame appears from out of thin air!
The puff of flame hits you. You resist.
You die...

##....#.#
#...###.#
#.#..$..#
#.#..#### #.#..#
#.#..# #.#.)# #
#.#..# #.#@#).#
##.##.#{#..#
.......).).####
................
##.#.#.#########
#. ##.# ##


There were no monsters in sight!

Vanquished Creatures
  Grinder (D:3)
  Sigmund (D:3)
  A hound (D:4)
  Jessica (D:2)
  4 orc wizards
  A gnoll (D:1)
  5 adders
  An ufetubus (D:4)
  2 dart slugs
  13 orcs
  7 ball pythons
  3 endoplasms
  A giant cockroach (D:1)
  2 goblins
  4 hobgoblins
  6 quokkas
  2 bats
  4 frilled lizards
  6 kobolds
  2 rats
67 creatures vanquished.

Notes
Turn   | Place    | Note
-------+----------+-------------------------------------------
     0 | D:1      | lessens the Ogre Berserker began the quest for the Orb.
     0 | D:1      | Reached XP level 1. HP: 24/24 MP: 1/1
   158 | D:1      | Reached skill level 3 in Maces & Flails
   475 | D:1      | Reached XP level 2. HP: 25/32 MP: 2/2
   932 | D:1      | Reached XP level 3. HP: 15/39 MP: 3/3
  1236 | D:2      | Reached skill level 4 in Maces & Flails
  1361 | D:2      | Reached XP level 4. HP: 48/48 MP: 4/4
  1411 | D:2      | Noticed Jessica
  1417 | D:2      | Killed Jessica
  1888 | D:2      | Reached ** piety under Trog
  2202 | D:3      | Reached skill level 5 in Maces & Flails
  2263 | D:3      | Reached XP level 5. HP: 53/54 MP: 5/5
  2394 | D:3      | Noticed Sigmund
  2628 | D:3      | Killed Sigmund
  2629 | D:3      | Reached skill level 6 in Maces & Flails
  2629 | D:3      | Reached XP level 6. HP: 49/62 MP: 6/6
  3355 | D:3      | Noticed Grinder
  3382 | D:3      | Paralysed by Grinder for 2 turns
  3394 | D:3      | Killed Grinder
  3395 | D:3      | Reached skill level 7 in Maces & Flails
  3395 | D:3      | Reached XP level 7. HP: 35/70 MP: 7/7
  3683 | D:4      | Found a burning altar of Makhleb.
  3904 | D:4      | HP: 1/70 [something/magic dart (4)]
  3905 | D:4      | Killed from afar by an orc wizard

Illustrated notes

Levels and vault maps discovered:
D:1:      amcnicky_arrival_single_pillar, layout_loops_corners,
          kennysheep_another_room, serial_bayou_crossing
D:2:      layout_loops_corners, lightli_corner_chamber, uniq_jessica
D:3:      layout_loops_ring, minmay_misc_feat_plants, uniq_grinder, uniq_sigmund
D:4:      layout_loops_ring, makhleb_blood_cavern_becter, uniq_ijyb

Skill      XL: |  1  2  3  4  5  6 |
---------------+-------------------+-----
Maces & Flails | 3 4 5 6 7 |  7.8
Fighting       | |  4.0
Dodging        | |  2.6

Action                     |  1- 3 |  4- 6 |  7- 9 || total
---------------------------+-------+-------+-------++-------
  Melee: Mace              |    50 |       |       ||    50
         Flail             |    28 |   120 |    33 ||   181
         Punch             |     1 |     3 |       ||     4
         Morningstar       |       |       |    20 ||    20
  Throw: Dart              |       |     1 |       ||     1
 Invoke: Berserk           |     1 |     1 |     1 ||     3
         Trog's Hand       |       |     3 |       ||     3
    Use: Potion            |       |     1 |     2 ||     3
 Armour: Animal skin       |    17 |    15 |    18 ||    50
  Dodge: Dodged            |    52 |    70 |    53 ||   175

Table legend: (Time is in decaauts)
 A = Elapsed time spent in this place.
 B = Non-inter-level travel time spent in this place.
 C = Inter-level travel time spent in this place.
 D = Time resting spent in this place.
 E = Time spent auto-exploring this place.
 F = Levels seen in this place.
 G = Mean time per level.
                   A        B        C        D        E       F      G
               +--------+--------+--------+--------+--------+-----+--------+
         Total |   3960 |   3789 |    171 |      0 |   3223 |   4 |  990.0 |
       Dungeon |   3960 |   3789 |    171 |      0 |   3223 |   4 |  990.0 |
               +--------+--------+--------+--------+--------+-----+--------+

Top non-repeatable levels by time:
     D:3: 1328 daAuts
     D:2: 1164 daAuts
     D:1: 1117 daAuts
     D:4: 350 daAuts
